 Dungeon Crawl Stone Soup version 0.30-a0-475-g03497ec522 (webtiles) character file.

Game seed: 15241803673919699920

86452 Khashishi the Spry (level 15, -13/77 HPs)
             Began as a Spriggan Artificer on Dec 19, 2022.
             Was a Plaything of Xom.
             Mangled by a death scarab (17 damage)
             ... while paralysed by a Zot trap
             ... on level 14 of the Dungeon on Dec 20, 2022.
             The game lasted 03:06:50 (19219 turns).

Khashishi the Spry (Spriggan Artificer)            Turns: 19219, Time: 03:06:51

Health: -13/77     AC: 11    Str: 11    XL:     15   Next: 40%
Magic:  0/41       EV:  4    Int: 14    God:    Xom [...*..]
Gold:   823        SH:  0    Dex: 31    Spells: 27/39 levels left

rFire   + . .      SeeInvis +    b - +7 hand axe of Hopp {freeze, Int+3 SInv}
rCold   + . .      Faith    +    Q - +3 buckler of Ostry {MP+9}
rNeg    + + +      Spirit   .    U - +1 troll leather armour
rPois   ∞          Reflect  .    (helmet restricted)
rElec   .          Harm     .    J - scarf {repulsion}
rCorr   +          Rampage  .    (gloves unavailable)
Will    ++...                    (boots unavailable)
Stlth   +++++++...               k - amulet of faith
HPRegen 1.12/turn                g - ring of protection from cold
MPRegen 0.27/turn                M - ring "Keroir" {rF+ rC- rN+ rCorr Dex+5}

@: paralysed, lich-form, weak-willed, slowed, repel missiles, very quick
A: draining attack, torment immunity, no potions, very small, no large weapons,
unfitting armour, see invisible, speed 3, fangs 1, agile 1, strong-willed 1,
strong 1, sturdy frame 1
a: Renounce Religion


You were on level 14 of the Dungeon.
You worshipped Xom.
You were a favourite toy of Xom.
You were an undead lich.
You visited 5 branches of the dungeon, and saw 24 of its levels.
You also visited: Ossuary and Bailey.

You collected 2073 gold pieces.
You spent 1250 gold pieces at shops.

Inventory:

Hand Weapons
 a - a +3 dagger of venom
 b - the +7 hand axe of Hopp (weapon) {freeze, Int+3 SInv}
   (You took it off an orc on level 7 of the Dungeon)

   It freezes those it strikes, dealing additional cold damage.
   It can also slow down cold-blooded creatures.
   Int:       It affects your intelligence (+3).
   SInv:      It lets you see invisible.
 e - a +0 quick blade of flaming
Missiles
 z - 10 curare-tipped darts (quivered)
Armour
 I - a +2 buckler of fire resistance
 J - a scarf of repulsion (worn)
 Q - the +3 buckler of Ostry (worn) {MP+9}
   (You bought it in a shop on level 2 of the Orcish Mines)

   MP:        It affects your magic capacity (+9).
 U - a +1 troll leather armour (worn)
Magical Staves
 G - a staff of poison
Jewellery
 g - a ring of protection from cold (left hand)
 k - an amulet of faith (around neck)
 n - a ring of flight
 L - a ring of positive energy
 M - the ring "Keroir" (right hand) {rF+ rC- rN+ rCorr Dex+5}
   (You acquired it on level 9 of the Dungeon)

   [ring of protection from fire]

   Dex:       It affects your dexterity (+5).
   rF:        It protects you from fire.
   rC:        It makes you vulnerable to cold.
   rN:        It protects you from negative energy.
   rCorr:     It protects you from acid and corrosion.
 O - a ring of poison resistance
 R - a ring of resist corrosion
 X - an amulet of the acrobat
Wands
 c - a wand of flame (29)
 d - a wand of charming (2)
 f - a wand of roots (5)
 A - a wand of paralysis (1)
 C - a wand of quicksilver (20)
 K - a wand of mindburst (7)
 S - a wand of digging (6)
 Z - a wand of polymorph (8)
Scrolls
 l - 4 scrolls of poison
 m - a scroll of silence
 q - 13 scrolls of teleportation
 s - 2 scrolls of blinking
 t - a scroll of vulnerability
 v - 3 scrolls of magic mapping
 y - 4 scrolls of fear
 F - 2 scrolls of immolation
 N - 4 scrolls of fog
 T - a scroll of butterflies
Potions
 h - a potion of might
 i - 9 potions of brilliance
 j - 6 potions of berserk rage
 o - 2 potions of curing
 p - 3 potions of cancellation
 r - 4 potions of resistance
 u - a potion of flight
 w - 7 potions of attraction
 x - 4 potions of haste
 B - 8 potions of heal wounds
 D - 3 potions of magic
 E - 3 potions of mutation
 H - a potion of lignification
 P - 2 potions of ambrosia
 V - a potion of invisibility
Miscellaneous
 W - a lightning rod (2/4)
 Y - a piece from Xom's chessboard (15/15)


   Skills:
 + Level 8.2 Fighting
 - Level 5.0 Short Blades
 + Level 16.8 Dodging
 - Level 14.0 Stealth
 - Level 4.1 Shields
 - Level 12.6 Spellcasting
 - Level 3.0 Conjurations
 - Level 6.4 Transmutations
 - Level 10.1 Poison Magic
 + Level 16.5 Evocations


You had 27 spell levels left.
You knew the following spells:

 Your Spells              Type           Power      Damage    Failure   Level
a - Ignite Poison         Fire/Tmut/Pois 24%        N/A       5%          3
b - Poisonous Vapours     Pois/Air       46%        N/A       3%          2
c - Mephitic Cloud        Conj/Pois/Air  21%        N/A       9%          3
d - Olgreb's Toxic Radia  Pois           37%        N/A       2%          4

Your spell library contained the following spells:

 Spells                   Type           Power      Damage    Failure   Level
 Beastly Appendage        Tmut           52%        N/A       1%          1
 Sting                    Tmut/Pois      100%       1d8       1%          1
 Wereblood                Tmut           26%        N/A       1%          2
 Spider Form              Tmut/Pois      32%        N/A       1%          3
 Cigotuvi's Dreadful Rot  Necr/Pois/Air  54%        N/A       6%          2
 Static Discharge         Conj/Air       26%        2-4/arc   14%         2
 Hailstorm                Conj/Ice       13%        3d5       26%         3
 Blade Hands              Tmut           13%        N/A       34%         5
 Ice Form                 Ice/Tmut       17%        N/A       41%         4
 Call Canine Familiar     Summ           8%         N/A       45%         3
 Kindle Blastsparks       Fire/Tloc/Air  16%        2d11      45%         3
 Portal Projectile        Hex/Tloc       16%        N/A       45%         3
 Vhi's Electric Charge    Tloc/Air       16%        N/A       45%         3
 Irradiate                Conj/Tmut      11%        3d15      56%         5
 Yara's Violent Unravell  Hex/Tmut       8%         3d5       77%         5
 Animate Armour           Summ/Erth      16%        N/A       86%         4
 Leda's Liquefaction      Hex/Erth       4%         N/A       86%         4
 Arcjolt                  Conj/Air       6%         1d16      94%         5
 Lightning Bolt           Conj/Air       6%         1d18      94%         5
 Freezing Cloud           Conj/Ice/Air   5%         6-21      97%         5
 Iron Shot                Conj/Erth      6%         9d2       100%        6
 Simulacrum               Ice/Necr       6%         N/A       100%        6
 Dragon Form              Tmut           13%        N/A       100%        7
 Enfeeble                 Hex            4%         N/A       100%        7
 Malign Gateway           Summ/Tloc      4%         N/A       100%        7
 Summon Horrible Things   Summ           4%         N/A       100%        8


Dungeon Overview and Level Annotations

Branches:
Dungeon (14/15)            Temple (1/1) D:7            Lair (5/5) D:10
  Swamp (0/4) Lair:3        Snake (0/4) Lair:2        Slime (2/5) Lair:5
    Orc (2/2) D:12            Elf (0/3) Orc:2       Ossuary (visited)
 Bailey (visited)
 Vaults: D:13-14

Altars:
Ashenzari
Cheibriados
Dithmenos
Elyvilon
Fedhas
Gozag
Hepliaklqana
Kikubaaqudgha
Makhleb
Nemelex Xobeh
Okawaru
Qazlal
Ru
Sif Muna
Trog
Uskayaw
Vehumet
Wu Jian
Xom
Yredelemnul
Zin
The Shining One

Shops:
D:1 ?   D:5 :   D:8 [   D:12 *!   Orc:2 *[([

Annotations:
D:11 1 runed translucent door
D:14 3 runed translucent doors


Innate Abilities, Weirdness & Mutations

You are an undead lich.
Your unarmed attacks are suffused with negative energy.
You are immune to unholy pain and torment.
Your necromantic spells are more powerful.
You cannot drink.
You are immune to poison.
You are very small and have problems with some larger weapons.
You are too small for most types of armour.
You have supernaturally acute eyesight. (SInv)
You cover ground extremely quickly. (Speed+++)
You have very sharp teeth.
You are agile. (Dex +4, Str/Int -1)
You are strong-willed. (Will+)
Your muscles are strong. (Str +4, Int/Dex -1)
Your movements are slightly less encumbered by armour. (ER -2)


Message History

You begin to radiate toxic energy.
The redback looks even sicker.
You block the redback's attack. You block the boulder beetle's attack.
You slash the redback! You freeze the redback.
You kill the redback!
You hit the boulder beetle.
You freeze the boulder beetle. "Just a minor improvement..."
Several doors burst open!
The death scarab's many legs skitter faintly. x3
You hear a faint skittering sound. x2; You hear a loud "Zot"!
The power of Zot is invoked against you!
You suddenly lose the ability to move!
You hear a loud "Zot"!
The death scarab bites you! The death scarab drains your vigour!
You feel yourself slow down. The death scarab bites you!!
You hear a loud "Zot"!
The power of Zot is invoked against you!
You suddenly feel drained of magical energy!
The boulder beetle leaps!
The death scarab bites you! The death scarab drains your vigour!
You feel as though you will be slow longer.
You hear a loud "Zot"!
The power of Zot is invoked against you!
Your willpower is stripped away!
You hear a loud "Zot"!
The death scarab bites you!
The boulder beetle is engulfed in dark miasma.
The boulder beetle looks even sicker.
The boulder beetle seems to slow down.
The boulder beetle leaps!
Your toxic aura wanes.
The boulder beetle is no longer moving slowly.
The death scarab bites you.
* * * LOW HITPOINT WARNING * * *
The death scarab bites you!!
* * * LOW HITPOINT WARNING * * *
Xom roars with laughter!
The death scarab drains your vigour!
You feel as though you will be slow longer.
The death scarab bites you!
You die...
Xom guffaws!

###.########
#. #.# #.
####.# #.
.....#
..######
#######
.......#
#§B§☼#.###
.......#
#8?^ZZ.B†#
.......#
#"?$^ZB°.##
.......#
#8?$ZZBL.†#
.......#
#○§○§#B##†^.#
.......# ####
## .#.#
.......# #.##
#.###### ##
#.# #.#####
#.#...#
..#.#.#


You could see a boulder beetle (very poisoned), 5 spectral wolf spiders and 4
death scarabs.

Vanquished Creatures
  The ghost of zishaf the Slayer, a journeyman MiBe of Trog (D:13)
  2 azure jellies
  Nessos (Lair:5)
  A minotaur (D:11)
  5 hydras
  A great orb of eyes (Slime:1)
  Erica (Lair:2)
  3 catoblepae (Lair:5)
  3 boulder beetles (D:14)
  3 centaur warriors
  A two-headed ogre (D:9)
  12 death yaks
  5 tengu warriors (D:13)
  2 orc high priests (Orc:2)
  Sonja (Lair:2)
  A bog body (Lair:3)
  A lindwurm (Lair:2)
  A phantasmal warrior (D:14)
  2 deep elf pyromancers (D:13)
  2 orc knights
  5 ugly things
  A cyclops (D:13)
  3 orc sorcerers (Orc:2)
  4 manticores
  14 elephants
  A torpor snail (Lair:1)
  2 black mambas (Lair:1)
  8 cane toads
  A freezing wraith (D:11)
  A rime drake (Lair:4)
  A kobold demonologist (D:14)
  9 komodo dragons
  A tengu conjurer (D:13)
  3 trolls
  A hornet (D:9)
  10 slime creatures
  2 tarantellas (D:14)
  7 blink frogs
  A spriggan (shapeshifter) (D:10)
  2 shadows
  6 wraiths
  A vampire (D:12)
  47 yaks
  2 basilisks (Lair:2)
  4 wyverns
  3 redbacks
  Menkaure (D:6)
  2 vampire mosquitoes (D:11)
  2 swamp worms (Lair:3)
  2 acid dragons
  3 nagas (Lair:2)
  A sky beast (D:7)
  13 water moccasins
  An ice beast (D:8)
  46 orc warriors
  4 black bears
  3 ogres
  3 wolves (Lair:5)
  4 centaurs
  A phantom (D:6)
  A kobold brigand (D:9)
  13 bullfrogs
  3 scorpions
  10 wights
  An electric eel (Lair:3)
  2 howler monkeys (D:9)
  Crazy Yiuf (D:6)
  2 gnoll boudas
  25 orc priests
  4 hounds
  2 jellies (D:4)
  21 orc wizards
  Natasha (thrice) (D:3)
  15 gnolls
  5 adders
  A white imp (D:7)
  An ufetubus (D:4)
  2 adder zombies (Ossuary)
  A dart slug (D:4)
  95 orcs
  7 endoplasms
  4 giant cockroaches
  20 goblins
  11 hobgoblins
  13 kobolds
  A quokka (D:4)
  8 ball pythons
  A ball python skeleton (Ossuary)
  7 bats
  4 frilled lizards
  2 hobgoblin skeletons (Ossuary)
  A hobgoblin zombie (Ossuary)
  2 kobold zombies (Ossuary)
  An orc skeleton (Ossuary)
  3 rats
568 creatures vanquished.

Vanquished Creatures (collateral kills)
  An orc warlord (Bailey)
  3 two-headed ogres
  An orc high priest (Orc:2)
  3 orc knights (Orc:2)
  3 ugly things
  An orc sorcerer (Orc:2)
  8 slime creatures
  A wyvern (D:8)
  3 yaks (D:8)
  2 vampire mosquitoes (D:11)
  An acid dragon (D:8)
  A warg (D:12)
  An orc warrior (D:8)
  6 wights
  2 orc priests
  4 orc wizards (D:8)
  An orc (D:11)
  A hobgoblin (D:4)
43 creatures vanquished.

Vanquished Creatures (others)
  A dancing weapon (Orc:2)
  A slime creature (Slime:1)
  2 yaks (D:9)
  A wyvern (D:8)
  A jelly (D:4)
  A gnoll (D:5)
  An orc (D:4)
  12 fungi
  22 plants
42 creatures vanquished.

Grand Total: 653 creatures vanquished

Notes
Turn   | Place    | Note
-------+----------+-------------------------------------------
     0 | D:1      | Khashishi the Spriggan Artificer began the quest for the
                  | Orb.
     0 | D:1      | Reached XP level 1. HP: 9/9 MP: 2/2
    81 | D:1      | Reached skill level 1 in Fighting
   141 | D:1      | Reached XP level 2. HP: 14/14 MP: 3/3
   203 | D:1      | Found Qaherror's Magic Scroll Boutique.
   732 | D:2      | Reached skill level 1 in Short Blades
   732 | D:2      | Reached XP level 3. HP: 18/18 MP: 4/4
  1445 | D:3      | Reached XP level 4. HP: 23/23 MP: 5/5
  1544 | D:3      | Noticed Natasha
  1549 | D:3      | Killed Natasha
  1599 | D:3      | Found a faded altar of an unknown god.
  1601 | D:3      | Noticed Natasha
  1604 | D:3      | Killed Natasha
  1605 | D:3      | Reached XP level 5. HP: 26/26 MP: 6/6
  1894 | D:3      | Noticed Natasha
  1909 | D:3      | Killed Natasha
  2012 | D:3      | Found a radiant altar of Vehumet.
  2147 | D:4      | Reached skill level 5 in Dodging
  2149 | D:4      | Reached XP level 6. HP: 21/32 MP: 7/7
  2219 | D:4      | Reached skill level 5 in Stealth
  2906 | D:4      | Learned a level 1 spell: Sting
  2909 | D:4      | Learned a level 2 spell: Poisonous Vapours
  3139 | D:4      | Reached skill level 1 in Poison Magic
  3139 | D:4      | Reached XP level 7. HP: 36/36 MP: 7/11
  3203 | D:5      | Entered Level 5 of the Dungeon
  3398 | D:5      | Found an iron altar of Okawaru.
  3617 | D:5      | Found Nudul's Book Shop.
  3922 | D:5      | Reached skill level 10 in Evocations
  3922 | D:5      | Reached XP level 8. HP: 40/40 MP: 13/22
  3928 | D:5      | Learned a level 4 spell: Olgreb's Toxic Radiance
  4318 | D:6      | Noticed Menkaure
  4394 | D:6      | Killed Menkaure
  4451 | D:6      | Found a sand-covered staircase.
  4463 | Ossuary  | Entered an ossuary
  4581 | Ossuary  | Noticed a flying skull
  4600 | Ossuary  | Reached XP level 9. HP: 36/44 MP: 23/23
  4903 | D:6      | Found a runed translucent door.
  4904 | D:6      | Noticed Crazy Yiuf
  4941 | D:6      | Killed Crazy Yiuf
  5282 | D:7      | Found a staircase to the Ecumenical Temple.
  5326 | Temple   | Entered the Ecumenical Temple
  5326 | Temple   | Found a transporter.
  5326 | Temple   | Found a transporter.
  5328 | Temple   | Found a transporter.
  5328 | Temple   | Found a transporter.
  5359 | Temple   | Became a worshipper of Xom of Gnomic Intent
  5533 | D:7      | Found a flagged portal.
  5534 | D:7      | Identified the +7 hand axe of Hopp {freeze, Int+3 SInv}
  5589 | Bailey   | Entered a bailey
  5742 | Bailey   | XOM: potion effect (berserk rage)
  5746 | Bailey   | XOM: potion effect (haste)
  5803 | Bailey   | XOM: silly message
  5841 | Bailey   | XOM: noise
  5842 | Bailey   | XOM: enchant monster (bad)
  5845 | Bailey   | Reached skill level 10 in Spellcasting
  5994 | Bailey   | XOM: cast spell 'Death Channel'
  6043 | Bailey   | Noticed an orc warlord
  6046 | Bailey   | XOM: noise
  6064 | Bailey   | XOM: summons friendly shadow imp
  6070 | Bailey   | XOM: noise
  6073 | Bailey   | XOM: cast spell 'Summon Cactus Giant'
  6081 | Bailey   | Reached XP level 10. HP: 49/49 MP: 3/25
  6081 | Bailey   | Killed an orc warlord
  6160 | Bailey   | XOM: summons 10 friendly demons
  6180 | Bailey   | XOM: polymorph white imp -> ufetubus
  6250 | D:7      | XOM: silly message
  6366 | D:7      | XOM: god gift: scroll labelled SYUNAL ECWEMI {god gift}
  6427 | D:8      | Noticed a two-headed ogre
  6427 | D:8      | XOM: scenery: summon butterflies
  6435 | D:8      | Killed a two-headed ogre
  6443 | D:8      | Reached skill level 5 in Fighting
  6469 | D:8      | Reached skill level 10 in Dodging
  6469 | D:8      | Reached skill level 10 in Poison Magic
  6469 | D:8      | Reached XP level 11. HP: 31/56 MP: 15/27
  6494 | D:8      | XOM: scenery: summon butterflies
  6646 | D:8      | XOM: god gift: 5 stones
  6705 | D:8      | XOM is BORED!
  6705 | D:8      | XOM: torment (29/56 hp)
  6833 | D:8      | Found a shimmering blue altar of Sif Muna.
  6872 | D:8      | XOM: scenery: 1 doors close
  6894 | D:8      | XOM: scenery: create altars
  6912 | D:8      | XOM: cloud trail
  6998 | D:8      | XOM: scenery: create altars
  7102 | D:8      | XOM: give mutations
  7102 | D:8      | Gained mutation: Your flesh is cold resistant. (rC+) [Xom's
                  | grace]
  7102 | D:8      | Gained mutation: You are robust. (+10% HP) [Xom's grace]
  7102 | D:8      | Gained mutation: You passively map a small area around you.
                  | [Xom's grace]
  7120 | D:8      | Found Zimesmof's Armour Boutique.
  7128 | D:8      | Bought a +1 buckler of fire resistance for 198 gold pieces
  7184 | D:9      | XOM: summons 6 hostile demons
  7186 | D:9      | Gained mutation: Your body sometimes deteriorates upon
                  | taking damage. [a neqoxec]
  7190 | D:10     | Entered Level 10 of the Dungeon
  7252 | D:9      | Noticed a two-headed ogre
  7254 | D:9      | XOM: stat loss: -1 Dex (19/20)
  7260 | D:9      | XOM: chaos upgrade
  7261 | D:9      | XOM: confusion
  7267 | D:9      | XOM: scenery: 1 doors open
  7283 | D:9      | XOM: smoke on damage
  7284 | D:9      | Killed a two-headed ogre
  7285 | D:9      | Reached skill level 1 in Shields
  7290 | D:9      | XOM: divine lightning
  7292 | D:9      | XOM: polymorph yak -> black bear
  7293 | D:9      | XOM: fog
  7301 | D:9      | XOM: swap monsters
  7378 | D:9      | Reached XP level 12. HP: 59/67 MP: 3/28
  7394 | D:9      | Identified 2 scrolls of acquirement
  7394 | D:9      | Acquired the ring "Keroir" {rF+ rC- rN+ rCorr Dex+5}
  7511 | D:9      | XOM: 3-stop teleportation journey
  7519 | D:9      | XOM: give mutation
  7519 | D:9      | Gained mutation: You have sharp fingernails. [Xom's grace]
  7907 | D:10     | XOM: 4-stop teleportation journey
  7957 | D:10     | Noticed a death yak
  7957 | D:10     | Noticed a death yak
  7958 | D:10     | Noticed a death yak
  7958 | D:10     | XOM: destruction
  7958 | D:10     | Noticed a death yak
  7958 | D:10     | Noticed a death yak
  7958 | D:10     | Noticed a death yak
  7960 | D:10     | Noticed a death yak
  7978 | D:10     | a death yak changed into an eight-headed hydra
  7978 | D:10     | Noticed an eight-headed hydra
  7978 | D:10     | XOM: polymorph death yak -> eight-headed hydra
  7983 | D:10     | XOM: scenery: create altars
  7987 | D:10     | Killed a death yak
  7987 | D:10     | Killed a death yak
  7987 | D:10     | Killed a death yak
  7988 | D:10     | Killed an eight-headed hydra
  8036 | D:10     | Killed a death yak
  8062 | D:10     | Killed a death yak
  8067 | D:10     | Noticed a death yak
  8087 | D:10     | a death yak changed into a storm dragon
  8087 | D:10     | Noticed a storm dragon
  8087 | D:10     | XOM: polymorph death yak -> storm dragon
  8091 | D:10     | XOM: give mutation
  8091 | D:10     | Gained mutation: Your flesh is very cold resistant. (rC++)
                  | [Xom's grace]
  8122 | D:10     | Noticed a death yak
  8125 | D:10     | XOM: 1-stop teleportation journey
  8139 | D:10     | Found a staircase to the Lair.
  8139 | D:10     | XOM: 7-stop teleportation journey
  8330 | D:10     | XOM: scenery: 1 doors open, 1 doors close
  8336 | D:10     | a death yak changed into a shapeshifter
  8336 | D:10     | XOM: polymorph death yak -> shapeshifter
  8502 | D:10     | XOM: cleaving
  8520 | D:10     | XOM: summons friendly quasit
  8552 | D:10     | XOM: scenery: 2 doors close
  8583 | D:10     | XOM: fake destruction
  8620 | D:10     | XOM: scenery: create altars
  8665 | D:11     | Noticed a two-headed ogre
  8671 | D:11     | XOM: summons 10 friendly demons
  8679 | D:11     | Killed a two-headed ogre
  8795 | D:11     | Noticed a two-headed ogre
  8801 | D:11     | XOM: god gift: 52 gold pieces
  8806 | D:11     | XOM: summons 4 friendly demons
  8813 | D:11     | Killed a two-headed ogre
  8835 | D:11     | Acquired a scarf of repulsion
  8878 | D:11     | Reached skill level 10 in Stealth
  8927 | D:11     | XOM: scenery: create altars
  8944 | D:11     | XOM: enchant monster (good)
  8993 | D:11     | XOM: 2-stop teleportation journey
  9024 | D:11     | Found a runed translucent door.
  9064 | D:11     | XOM: god gift: wand of paralysis (5)
  9122 | D:11     | Noticed a minotaur
  9134 | D:11     | XOM: confuse monster(s)
  9181 | D:11     | Killed a minotaur
  9316 | D:11     | XOM: scenery: create altars
  9364 | D:11     | XOM: give mutations
  9364 | D:11     | Gained mutation: You have a pair of small antennae on your
                  | head. [Xom's grace]
  9364 | D:11     | Gained mutation: You passively dampen the noise of your
                  | surroundings. [Xom's grace]
  9564 | D:12     | XOM: potion effect (brilliance)
  9572 | D:12     | XOM: scenery: create altars
  9573 | D:12     | XOM: fake destruction
  9614 | D:12     | Noticed a two-headed ogre
  9616 | D:12     | XOM: scenery: 1 doors open
  9623 | D:12     | a two-headed ogre changed into a redback
  9623 | D:12     | XOM: polymorph two-headed ogre -> redback
  9650 | D:12     | Found a staircase to the Orcish Mines.
  9651 | D:12     | XOM: 5-stop teleportation journey
  9734 | D:12     | XOM: destruction
  9743 | D:12     | XOM: cast spell 'Call Canine Familiar'
  9874 | D:12     | XOM: give mutations
  9874 | D:12     | Gained mutation: Your flesh is almost immune to the effects
                  | of cold. (rC+++) [Xom's grace]
  9874 | D:12     | Gained mutation: You possess an exceptional clarity of
                  | mind. [Xom's grace]
  9874 | D:12     | Gained mutation: You are strong-willed. (Will+) [Xom's
                  | grace]
  9936 | D:12     | Found a burning altar of Makhleb.
  9936 | D:12     | Noticed a blizzard demon
 10004 | D:12     | Found Weegh's Distillery.
 10008 | D:12     | XOM: scenery: 1 doors open, 1 doors close
 10112 | D:12     | XOM: smoke on damage
 10184 | D:12     | XOM: give mutations
 10184 | D:12     | Lost mutation: You have a pair of small antennae on your
                  | head. [Xom's mischief]
 10184 | D:12     | Gained mutation: You are agile. (Dex +4, Str/Int -1) [Xom's
                  | mischief]
 10184 | D:12     | Lost mutation: You possess an exceptional clarity of mind.
                  | [Xom's mischief]
 10198 | D:12     | Learned a level 3 spell: Ignite Poison
 10240 | D:12     | XOM: 2-stop teleportation journey
 10243 | D:12     | XOM: cloud trail
 10266 | D:12     | Reached skill level 1 in Transmutations
 10266 | D:12     | Reached XP level 13. HP: 71/71 MP: 29/29
 10270 | D:12     | Learned a level 3 spell: Mephitic Cloud
 10508 | D:12     | XOM: divination: detect items
 10541 | Orc:1    | Entered Level 1 of the Orcish Mines
 10592 | Orc:1    | XOM: fog
 10599 | Orc:1    | XOM: potion effect (haste)
 10600 | Orc:1    | XOM: scenery: summon butterflies
 10642 | Orc:1    | XOM: polymorph troll -> blink frog
 10643 | Orc:1    | XOM: enchant monster (good)
 10670 | Orc:1    | XOM: scenery: create altars
 10784 | Orc:1    | XOM: divination: magic mapping
 10838 | Orc:1    | XOM: god gift: lajatang {god gift}
 10943 | Orc:1    | XOM: 1-stop teleportation journey
 11024 | Orc:2    | Entered Level 2 of the Orcish Mines
 11198 | Orc:2    | XOM: god gift: scroll of teleportation
 11222 | Orc:2    | Found a staircase to the Elven Halls.
 11232 | Orc:2    | XOM: polymorph orc -> kobold
 11303 | Orc:2    | XOM: give mutations
 11303 | Orc:2    | Gained mutation: Your muscles are strong. (Str +4, Int/Dex
                  | -1) [Xom's grace]
 11303 | Orc:2    | Gained mutation: You have large cloven feet. [Xom's grace]
 11303 | Orc:2    | Gained mutation: Your flesh is heat resistant. (rF+) [Xom's
                  | grace]
 11729 | Orc:2    | Found Jomerun's Assorted Antiques.
 11733 | Orc:2    | Reached skill level 1 in Conjurations
 11838 | Orc:2    | XOM: summons 10 friendly demons
 12008 | Orc:2    | XOM: silly message
 12028 | Orc:2    | Reached skill level 5 in Transmutations
 12134 | Orc:2    | XOM: noise
 12150 | Orc:2    | XOM: divination: detect items
 12219 | Orc:2    | Found Quoq's Antique Weapon Emporium.
 12221 | Orc:2    | Found Kyeghamm's Antique Armour Shop.
 12222 | Orc:2    | Found Jerral's Antique Armour Emporium.
 12268 | Orc:2    | Bought an ichor-stained buckler for 266 gold pieces
 12268 | Orc:2    | Identified the +3 buckler of Ostry {MP+9} (You bought it in
                  | a shop on level 2 of the Orcish Mines)
 12290 | Orc:2    | Bought a fuming white potion for 30 gold pieces
 12290 | Orc:2    | Bought a cyan potion for 30 gold pieces
 12413 | D:12     | Found Nowkofeu's Demolitions Depot.
 12429 | D:12     | Bought a wand of flame (7) for 63 gold pieces
 12429 | D:12     | Bought a wand of quicksilver (5) for 273 gold pieces
 12429 | D:12     | Bought a lightning rod (4/4) for 390 gold pieces
 12456 | D:12     | XOM: god gift: staff of fire
 12540 | D:13     | Found a runed translucent gate.
 12541 | D:13     | Found a runed translucent gate.
 12541 | D:13     | Found a runed translucent gate.
 12545 | D:13     | Found an iron altar of Okawaru.
 12545 | D:13     | Noticed zishaf's ghost (journeyman MiBe)
 12795 | D:13     | XOM: enchant monster (bad)
 12918 | D:12     | XOM: noise
 12969 | Lair:1   | Entered Level 1 of the Lair of Beasts
 13064 | Lair:1   | XOM: cast spell 'Call Canine Familiar'
 13065 | Lair:1   | XOM: swap monsters
 13287 | Lair:1   | XOM: confusion (+ monsters)
 13352 | Lair:1   | XOM: 1-stop teleportation journey
 13499 | Lair:1   | XOM: silly message
 13703 | Lair:1   | XOM: noise
 13721 | Lair:2   | XOM: fog
 13834 | Lair:2   | Found a staircase to the Snake Pit.
 13874 | Lair:2   | XOM: enchant monster (bad)
 13973 | Lair:2   | You fall into a shaft and drop 1 floor!
 14006 | Lair:2   | Noticed Erica
 14014 | Lair:2   | Killed Erica
 14015 | Lair:2   | Reached XP level 14. HP: 79/79 MP: 31/31
 14127 | Lair:2   | XOM: polymorph yak -> komodo dragon
 14130 | Lair:2   | XOM: noise
 14146 | Lair:2   | XOM: confusion
 14170 | Lair:2   | Noticed Sonja
 14174 | Lair:2   | Killed Sonja
 14443 | Lair:1   | XOM: summons 8 hostile demons
 14773 | Lair:3   | XOM: enchant monster (bad)
 14865 | Lair:3   | XOM: give mutations
 14865 | Lair:3   | Lost mutation: Your flesh is heat resistant. (rF+) [Xom's
                  | mischief]
 14865 | Lair:3   | Lost mutation: Your flesh is almost immune to the effects
                  | of cold. (rC+++) [Xom's mischief]
 14865 | Lair:3   | Lost mutation: You have sharp fingernails. [Xom's mischief]
 14865 | Lair:3   | Lost mutation: You are robust. (+10% HP) [Xom's mischief]
 14894 | Lair:3   | XOM: 3-stop teleportation journey
 14950 | Lair:3   | XOM: scenery: create altars
 14974 | Lair:3   | XOM: summons friendly white imp
 14975 | Lair:3   | XOM: polymorph white imp -> quasit
 15053 | Lair:3   | XOM: torment (41/72 hp)
 15059 | Lair:3   | XOM: polymorph quasit -> iron imp
 15132 | Lair:3   | XOM: noise
 15284 | Lair:3   | Found a staircase to the Swamp.
 15568 | Lair:4   | XOM: summons friendly crimson imp
 15610 | Lair:4   | XOM: 9-stop teleportation journey
 15627 | Lair:4   | XOM: confusion (+ monsters)
 15936 | Lair:4   | XOM: give mutations
 15936 | Lair:4   | Gained mutation: You are resistant to electric shocks.
                  | (rElec) [Xom's grace]
 15936 | Lair:4   | Gained mutation: You are very agile. (Dex +8, Str/Int -2)
                  | [Xom's grace]
 15936 | Lair:4   | Gained mutation: You have very sharp teeth. [Xom's grace]
 16274 | Lair:5   | Entered Level 5 of the Lair of Beasts
 16294 | Lair:4   | XOM: repel stairs
 16403 | Lair:5   | XOM: swap monsters
 16405 | Lair:5   | a catoblepas changed into an azure jelly
 16405 | Lair:5   | Noticed an azure jelly
 16405 | Lair:5   | XOM: polymorph catoblepas -> azure jelly
 16414 | Lair:5   | XOM: 1-stop teleportation journey
 16415 | Lair:5   | XOM: enchant monster (bad)
 16421 | Lair:5   | XOM: blink monster(s)
 16584 | Lair:5   | XOM: stat loss: -1 Str (9/10)
 16603 | Lair:5   | XOM: cast spell 'Call Canine Familiar'
 16625 | Lair:5   | XOM: give mutations
 16625 | Lair:5   | Lost mutation: Your flesh is very cold resistant. (rC++)
                  | [Xom's mischief]
 16625 | Lair:5   | Lost mutation: Your body sometimes deteriorates upon taking
                  | damage. [Xom's mischief]
 16626 | Lair:5   | XOM: confusion
 16630 | Lair:5   | Killed an azure jelly
 16698 | Lair:5   | XOM: fog
 16771 | Lair:5   | XOM: confuse monster(s)
 16826 | Lair:5   | Found a staircase to the Slime Pits.
 16970 | Lair:5   | XOM is BORED!
 16970 | Lair:5   | XOM: noise
 17161 | Lair:5   | XOM: cast spell 'Alistair's Intoxication'
 17177 | Lair:5   | Reached skill level 15 in Dodging
 17226 | Lair:5   | XOM: summons 2 friendly demons
 17227 | Lair:5   | XOM: potion effect (haste)
 17251 | Lair:5   | Noticed Nessos
 17268 | Lair:5   | Killed Nessos
 17291 | Lair:5   | XOM: silly message
 17347 | Lair:5   | XOM: noise
 17358 | Lair:5   | Reached skill level 15 in Evocations
 17475 | Lair:5   | XOM: noise
 17542 | Slime:1  | Entered Level 1 of the Pits of Slime
 17555 | Slime:1  | Noticed an azure jelly
 17561 | Slime:1  | XOM: butterfly on damage
 17564 | Slime:1  | XOM: confuse monster(s)
 17573 | Slime:1  | Killed an azure jelly
 17576 | Slime:1  | XOM: silly message
 17606 | Slime:1  | Reached XP level 15. HP: 72/77 MP: 32/32
 17609 | Slime:1  | Reached skill level 5 in Short Blades
 17680 | Slime:1  | XOM: scenery: summon butterflies
 17685 | Slime:1  | XOM: divination: detect items
 17691 | Slime:2  | Noticed an acid blob
 17850 | D:10     | Upgraded the game from 0.30-a0-469-g84de5afbc5 to
                  | 0.30-a0-475-g03497ec522
 17989 | D:13     | XOM: divination: detect creatures
 17997 | D:13     | XOM: confuse monster(s)
 18131 | D:13     | XOM: noise
 18303 | D:13     | XOM: give mutations
 18303 | D:13     | Lost mutation: You passively map a small area around you.
                  | [Xom's mischief]
 18303 | D:13     | Lost mutation: You are resistant to electric shocks.
                  | (rElec) [Xom's mischief]
 18303 | D:13     | Lost mutation: You passively dampen the noise of your
                  | surroundings. [Xom's mischief]
 18526 | D:13     | XOM: silly message
 18539 | D:13     | XOM: noise
 18546 | D:13     | XOM: give mutations
 18546 | D:13     | Lost mutation: You have large cloven feet. [Xom's mischief]
 18546 | D:13     | Lost mutation: Your flesh is cold resistant. (rC+) [Xom's
                  | mischief]
 18546 | D:13     | Lost mutation: You are very agile. (Dex +8, Str/Int -2)
                  | [Xom's mischief]
 18547 | D:13     | XOM: confusion
 18551 | D:13     | XOM: confuse monster(s)
 18593 | D:13     | XOM: confuse monster(s)
 18652 | D:14     | XOM: god gift: silver wand {god gift}
 18758 | D:13     | XOM: scenery: summon butterflies
 18765 | D:13     | XOM: summons friendly ufetubus
 18797 | D:13     | XOM: summons friendly chaos spawn
 18807 | D:13     | XOM: confuse monster(s)
 18811 | D:13     | XOM: confuse monster(s)
 18831 | D:13     | Killed zishaf's ghost
 18926 | D:14     | Found an ancient bone altar of Kikubaaqudgha.
 18933 | D:14     | XOM: give mutation
 18933 | D:14     | Gained mutation: Your movements are slightly less
                  | encumbered by armour. (ER -2) [Xom's grace]
 19016 | D:14     | XOM: 8-stop teleportation journey
 19063 | D:14     | XOM: fog
 19071 | D:14     | XOM: cloud trail
 19073 | D:14     | XOM: summons 3 friendly demons
 19114 | D:14     | XOM: fake destruction
 19121 | D:14     | XOM: cleaving
 19125 | D:14     | XOM: polymorph cyan ugly thing -> purple ugly thing
 19126 | D:14     | XOM: summons 4 friendly demons
 19159 | D:14     | XOM: polymorph quasit -> iron imp
 19206 | D:14     | Found a runed translucent gate.
 19206 | D:14     | Found a runed translucent gate.
 19206 | D:14     | Found a runed translucent gate.
 19206 | D:14     | Found a runed translucent gate.
 19206 | D:14     | Found a runed translucent gate.
 19206 | D:14     | Found a runed translucent gate.
 19206 | D:14     | XOM: 1-stop teleportation journey
 19209 | D:14     | XOM: cast spell 'Necromutation'
 19212 | D:14     | XOM: summons friendly quasit
 19218 | D:14     | XOM: scenery: 3 doors open
 19218 | D:14     | Paralysed by a Zot trap for 2 turns
 19219 | D:14     | Mangled by a death scarab

Illustrated notes

Levels and vault maps discovered:
D:1:      dreamdust_arrival_beginning_and_end, layout_basic, serial_shops, shop,
          chequers_serial_rivers_micro_d, nrook_mini_backslash
D:2:      layout_rooms
D:3:      layout_basic, mainiacjoe_overflow_alcove_4,
          shapermc_ecumenical_altar_starsandcircs, uniq_natasha
D:4:      layout_loops_ring
D:5:      layout_gridville, mainiacjoe_overflow_tiny_flanked, serial_shops,
          nicolae_shop_trees, item_on_display_a
D:6:      layout_cave_pools, enter_ossuary_2, uniq_crazy_yiuf_cottage,
          uniq_menkaure
D:7:      layout_basic, minmay_temple_entry_stoned_glass, enter_bailey_2
D:8:      layout_basic, kennysheep_orc_sif_temple, serial_shops,
          nicolae_shop_waterfront, serial_glass, glass_columns_c,
          glass_columns_a, glass_columns_c, glass_columns_c
D:9:      layout_basic
D:10:     layout_roguey, dpeg_lair_monsters
D:11:     dreamdust_labyrinth, layout_long_grid, kennysheep_doodads
D:12:     layout_long_grid, david_orc_1_choice, serial_shops,
          nicolae_shop_hallway_stairs, grunt_decor_one_mirror,
          columned_hall_lemuel, nicolae_blasting_shop, makhleb_altar_promises_db
D:13:     layout_long_grid, gammafunk_ghost_fury_of_okawaru
D:14:     gammafunk_indiana_jones, layout_basic, david_vaults_1,
          kiku_gazebo_pond_becter
Temple:   hellmonk_temple_divided_pantheon
Lair:1:   layout_chaotic_city, cheibrodos_lair_caveside_slide,
          beast_lair_carwin_9
Lair:2:   layout_regular_city, guppyfry_snake_entry_island,
          infiniplex_staircase_pool_2, serial_bayou_shore_b, grunt_megastairs_4,
          serial_bayou_shore_b, uniq_erica, uniq_sonja
Lair:3:   layout_chaotic_city, nicolae_swamp_entry_splash_gauntlet
Lair:4:   layout_cave_pods
Lair:5:   evilmike_catoblepas_cave, layout_gridlike, slime_entry_1,
          patterned_corridor, uniq_nessos
Slime:1:  layout_caves
Slime:2:  layout_caves
Orc:1:    layout_caves, mines1_david
Orc:2:    st_orc_elflike, layout_caves

Skill      XL: |  1  2  3  4  5  6  7  8  9 10 11 12 13 14 15 |
---------------+----------------------------------------------+-----
Fighting       | 1 2 3 4 6 7 8 |  8.2
Stealth        | 2 3 4 5 6 7 11 14 | 14.0
Short Blades   | 1 2 3 4 5 |  5.0
Dodging        | 4 5 7 10 12 13 15 16 | 16.8
Spellcasting   | 2 9 10 11 12 | 12.6
Poison Magic   | 1 7 8 10 | 10.1
Evocations     | 10 12 13 15 16 | 16.5
Shields        | 1 4 |  4.1
Transmutations | 1 6 |  6.4
Conjurations   | 3 |  3.0

Action                   |  1- 3 |  4- 6 |  7- 9 | 10-12 | 13-15 || total
-------------------------+-------+-------+-------+-------+-------++-------
Melee: Dagger            |   122 |     9 |    13 |    11 |    48 ||   203
       Club              |     4 |       |       |       |       ||     4
       Punch             |     1 |       |     1 |       |       ||     2
       Hand axe          |       |    84 |    69 |    78 |   270 ||   501
       Long sword        |       |       |    15 |       |       ||    15
       Kick              |       |       |       |       |   101 ||   101
       Bite              |       |       |       |       |    20 ||    20
Throw: Dart              |     4 |    24 |    25 |    30 |    66 ||   149
 Cast: Sting             |       |     3 |     6 |       |       ||     9
       Olgreb's Toxic Ra |       |       |    33 |    64 |   136 ||   233
       Poisonous Vapours |       |       |    10 |     8 |     3 ||    21
       Ignite Poison     |       |       |       |       |    61 ||    61
       Mephitic Cloud    |       |       |       |       |    45 ||    45
Evoke: Wand              |     9 |    14 |    10 |    31 |    28 ||    92
       Lightning rod     |       |       |       |       |    12 ||    12
       Piece from Xom's  |       |       |       |       |     5 ||     5
  Use: Scroll            |       |       |    22 |     9 |     7 ||    38
       Potion            |       |       |     1 |     2 |     7 ||    10
 Stab: Sleeping          |     6 |     5 |    14 |    12 |    43 ||    80
       Distracted        |     1 |       |       |     1 |     2 ||     4
       Confused          |       |       |       |     1 |     7 ||     8
       Paralysed         |       |       |       |     1 |     7 ||     8
       Betrayed ally     |       |       |       |       |     1 ||     1
Armor: Robe              |    14 |     8 |     5 |     7 |       ||    34
       Troll leather arm |       |       |       |       |     9 ||     9
Dodge: Dodged            |   141 |    83 |    71 |    82 |   269 ||   646
       Repelled          |       |       |       |       |     1 ||     1
Block: Buckler           |       |       |     1 |    29 |   179 ||   209

Table legend: (Time is in decaauts)
 A = Elapsed time spent in this place.
 B = Non-inter-level travel time spent in this place.
 C = Inter-level travel time spent in this place.
 D = Time resting spent in this place.
 E = Time spent auto-exploring this place.
 F = Levels seen in this place.
 G = Mean time per level.
                   A        B        C        D        E       F      G
               +--------+--------+--------+--------+--------+-----+--------+
         Total |  12748 |  11978 |    770 |    164 |   4522 |  26 |  490.3 |
       Dungeon |   7583 |   7147 |    436 |     43 |   2903 |  14 |  541.6 |
        Temple |     35 |     35 |      0 |      0 |      0 |   1 |   35.0 |
          Lair |   3103 |   2842 |    261 |      0 |   1293 |   5 |  620.6 |
    Slime Pits |    121 |    117 |      4 |      0 |     13 |   2 |   60.5 |
  Orcish Mines |   1217 |   1150 |     67 |      0 |    308 |   2 |  608.5 |
       Ossuary |    230 |    230 |      0 |     39 |      0 |   1 |  230.0 |
        Bailey |    455 |    455 |      0 |     82 |      4 |   1 |  455.0 |
               +--------+--------+--------+--------+--------+-----+--------+

Top non-repeatable levels by time:
  Lair:5: 829 daAuts
    D:13: 783 daAuts
    D:12: 780 daAuts
   Orc:2: 770 daAuts
     D:4: 729 daAuts
    D:10: 694 daAuts
  Lair:1: 598 daAuts
    D:11: 598 daAuts
     D:6: 596 daAuts
  Lair:2: 588 daAuts
  Lair:4: 579 daAuts
     D:3: 572 daAuts
     D:5: 522 daAuts
  Lair:3: 507 daAuts
     D:1: 489 daAuts
